 Dungeon Crawl Stone Soup version 0.22-a0-293-gc9362ec (webtiles) character file.

12715 matakusis the Summoner (level 11, -6/54 HPs)
             Began as a Deep Elf Summoner on Mar 24, 2018.
             Was a High Priest of Sif Muna.
             Shot with an arrow by a centaur (16 damage)
             ... led by a centaur warrior
             ... on level 14 of the Dungeon.
             The game lasted 01:19:14 (14343 turns).

matakusis the Summoner (Deep Elf Summoner)         Turns: 14343, Time: 01:19:15

Health: -6/54      AC: 10    Str:  5    XL:     11   Next: 66%
Magic:  5/29       EV: 13    Int: 24    God:    Sif Muna [*****.]
Gold:   595        SH:  0    Dex: 15    Spells: 11/35 levels left

rFire    . . .     SeeInvis +   i - +2 short sword (elec)
rCold    + . .     Gourm    .   (no shield)
rNeg     + . .     Faith    .   E - +2 robe {MR+}
rPois    .         Spirit   .   (no helmet)
rElec    .         Reflect  .   j - scarf {cloud immunity}
rCorr    .         Harm     .   C - +2 pair of gloves "Rahed" {rN+}
MR       ++...     Rnd*Tele +   (no boots)
Stlth    ++........             (no amulet)
HPRegen  0.18/turn              m - ring of protection from cold
MPRegen  0.21/turn              u - ring of see invisible

@: very slightly contaminated, studying Conjurations
A: icy blue scales 1, slimy green scales 1, deformed body, teleportitis 1
a: Divine Energy, Channel Magic, Forget Spell, Renounce Religion


You were on level 14 of the Dungeon.
You worshipped Sif Muna.
Sif Muna was extremely pleased with you.
You were near starving.

You visited 2 branches of the dungeon, and saw 15 of its levels.
You also visited: Ossuary.

You collected 878 gold pieces.
You spent 283 gold pieces at shops.

Inventory:

Hand Weapons
 i - a +2 short sword of electrocution (weapon)
Missiles
 v - 120 arrows
Armour
 a - +0 acid dragon scales
 j - a scarf of cloud immunity (worn)
 s - a +2 robe of fire resistance
 C - the +2 pair of gloves "Rahed" (worn) {rN+}
   (You found it on level 12 of the Dungeon)

   It protects you from negative energy.
 E - a +2 robe of magic resistance (worn)
 F - a +0 troll leather armour
Jewellery
 m - a ring of protection from cold (left hand)
 r - an uncursed ring of protection from magic
 u - a ring of see invisible (right hand)
 y - a +2 ring of strength
Wands
 e - a wand of digging (30)
 n - a wand of disintegration (36)
 p - a wand of acid (11)
 D - a wand of iceblast (7)
 G - a wand of polymorph (12)
Scrolls
 f - a scroll of magic mapping
 g - 12 scrolls of remove curse
 h - 2 scrolls of blinking
 k - 11 scrolls of identify
 q - 4 scrolls of amnesia
 w - 2 scrolls of enchant weapon
Potions
 d - 3 potions of flight
 l - 10 potions of curing
 o - 2 potions of brilliance
 t - a potion of magic
 x - 3 potions of agility
 z - 3 potions of resistance
 A - a potion of haste
 B - 2 potions of cancellation
 I - 2 potions of berserk rage {unknown}
Books
 H - a manual of Conjurations
Comestibles
 c - 19 rations


   Skills:
 - Level 2.4 Dodging
 - Level 2.4 Stealth
 + Level 12.8 Spellcasting
 * Level 3.7 Conjurations
 * Level 14.2 Summonings
 + Level 8.1 Ice Magic
 - Level 3.0 Air Magic
 * Level 4.3 Earth Magic


You had 11 spell levels left.
You knew the following spells:

 Your Spells              Type           Power        Failure   Level  Hunger
a - Lee's Rapid Deconstr  Erth           #####.....   19%         5    ###....
b - Call Imp              Summ           ######..     0%          2    None
c - Summon Ice Beast      Ice/Summ       ######..     1%          4    None
d - Summon Lightning Spi  Summ/Air       ######..     1%          4    None
e - Blink                 Tloc           N/A          6%          2    None
f - Monstrous Menagerie   Summ           ######....   10%         7    ######.


Dungeon Overview and Level Annotations

Branches:
Dungeon (14/15)            Temple (1/1) D:7            Lair (0/6) D:9
    Orc (0/2) D:11         Vaults (0/5) D:14

Altars:
Ashenzari
Cheibriados
Dithmenos
Elyvilon
Fedhas
Gozag
Hepliaklqana
Kikubaaqudgha
Makhleb
Nemelex Xobeh
Okawaru
Qazlal
Ru
Sif Muna
Trog
Uskayaw
Vehumet
Wu Jian
Xom
Yredelemnul
Zin
The Shining One

Shops:
D:6 **%*[   D:10 :   D:12 *   D:13 !


Innate Abilities, Weirdness & Mutations

You are partially covered in icy blue scales. (AC +2)
You are partially covered in slimy green scales. (AC +2)
Armour fits poorly on your strangely shaped body.
You are occasionally teleported next to monsters.


Message History

Aiming: Summon Lightning Spire (safe; 1% risk of failure)
Press: ? - help, Dir - move target cursor An electric hum fills the air.
The wyvern hisses angrily.
Found a dagger.
The centaur wields a shortbow.
The centaur shoots an arrow.
The arrow hits your lindwurm.
Unknown command.
Casting: Summon Lightning Spire (safe; 1% risk of failure)
Confirm with . or Enter, or press ? or * to list all spells.
A chill wind blows around you.
The centaur shoots an arrow.
The arrow hits your lindwurm! The wyvern bites you.
* * * LOW HITPOINT WARNING * * *
Unknown command.
Casting: Summon Ice Beast (safe; 1% risk of failure)
Confirm with . or Enter, or press ? or * to list all spells.
A metallic apparition takes form in the air.
The wyvern barely misses you.
The centaur shoots an arrow.
The arrow barely misses your lindwurm. The arrow hits you!
You die... .p. ppp

#+ #p# #.. #.# ###.###
#.#### ....... #p##..
....... #Hk.(^
).....8################ยง.
......5l@..k.(c.......'..
......Y################..
####### ###


You could see a wyvern, a centaur, a friendly lindwurm, a friendly ice beast, a
friendly lightning spire and a friendly iron imp.

Vanquished Creatures
  An unseen horror (D:13)
  A water moccasin (D:13)
  2 phantoms
  An ice beast (D:11)
  A killer bee (D:12)
  A quasit (D:9)
  A big kobold zombie (Ossuary)
  2 adders
  2 orcs
12 creatures vanquished.

Vanquished Creatures (collateral kills)
  Kirke (D:13)
  A hydra (D:12)
  3 vault guards (D:14)
  A centaur warrior (D:13)
  4 two-headed ogres
  A death yak (D:9)
  The ghost of Arum the Fighter, a novice MiGl of Okawaru (D:9)
  4 skeletal warriors (D:13)
  An ugly thing (D:12)
  A manticore (D:13)
  A cyclops (D:13)
  An elephant (D:9)
  A guardian serpent (D:13)
  Joseph (D:7)
  A komodo dragon (D:12)
  2 trolls
  5 hippogriffs
  6 yaks (D:11)
  3 shadows
  A wyvern (D:11)
  6 hogs
  A wraith (D:10)
  3 basilisks
  2 humans
  A steam dragon (D:8)
  2 hungry ghosts (D:8)
  2 wargs (D:11)
  3 acid dragons
  2 soldier ants (D:10)
  5 orc warriors
  3 ice beasts
  2 sky beasts (D:6)
  2 eyes of draining
  A phantom (D:4)
  3 ogres
  2 centaurs
  A big kobold (D:10)
  7 bullfrogs
  3 elf zombies (Ossuary)
  A wyvern zombie (D:12)
  2 scorpions
  12 killer bees
  3 howler monkeys (D:11)
  2 bullfrog zombies
  3 quasits
  A centaur zombie (Ossuary)
  3 crimson imps
  4 centaur skeletons
  A jelly (D:5)
  13 orc wizards
  A human zombie (Ossuary)
  11 orc priests
  5 hounds
  A bullfrog skeleton (D:10)
  Jessica (D:3)
  3 iguanas (D:7)
  7 worker ants
  Natasha (D:3)
  A killer bee zombie (D:7)
  4 hound zombies
  A hound skeleton (D:8)
  4 mummies
  A howler monkey zombie (D:3)
  A worker ant zombie (D:3)
  14 adders
  A howler monkey skeleton (D:6)
  3 shadow imps
  An ooze (D:2)
  3 adder zombies
  2 worms
  4 dart slugs
  6 leopard geckos
  45 orcs
  5 bats
  5 giant cockroaches
  4 gnoll zombies (Ossuary)
  8 goblins
  7 hobgoblins
  12 jackals
  17 kobolds
  6 quokkas
  2 ball pythons (D:3)
  A ball python zombie (D:3)
  10 frilled lizards
  A giant cockroach zombie (D:3)
  2 goblin zombies (Ossuary)
  5 hobgoblin zombies (Ossuary)
  A jackal skeleton (D:9)
  4 jackal zombies
  A kobold zombie (Ossuary)
  A leopard gecko skeleton (D:3)
  A leopard gecko zombie (D:8)
  4 orc zombies
  A quokka skeleton (D:3)
  4 quokka zombies (Ossuary)
  8 rats
  2 rat zombies (Ossuary)
  A fungus (D:7)
370 creatures vanquished.

Vanquished Creatures (others)
  A human (D:13)
1 creature vanquished.

Grand Total: 383 creatures vanquished

Notes
Turn   | Place    | Note
-------+----------+-------------------------------------------
     0 | D:1      | matakusis the Deep Elf Summoner began the quest for the Orb.
     0 | D:1      | Reached XP level 1. HP: 10/10 MP: 6/6
   189 | D:1      | Reached XP level 2. HP: 15/15 MP: 4/8
   196 | D:1      | Learned a level 2 spell: Call Imp
   250 | D:1      | Reached skill level 5 in Summonings
   759 | D:2      | Reached XP level 3. HP: 19/19 MP: 4/9
   824 | D:2      | Found a shattered altar of Ashenzari.
  1401 | D:3      | Found a glowing silver altar of Zin.
  1503 | D:3      | Noticed Jessica
  1515 | D:3      | Reached XP level 4. HP: 24/24 MP: 3/12
  1516 | D:3      | Killed Jessica
  1778 | D:3      | Noticed Natasha
  1814 | D:3      | Killed Natasha
  1814 | D:3      | Reached skill level 6 in Summonings
  1831 | D:3      | Learned a level 4 spell: Summon Ice Beast
  1836 | D:3      | Learned a level 4 spell: Summon Lightning Spire
  1905 | D:3      | Found a stormy altar of Qazlal.
  2050 | D:3      | Found a deep blue altar of Sif Muna.
  2053 | D:3      | Became a worshipper of Sif Muna the Loreminder
  2333 | D:4      | Found a radiant altar of Vehumet.
  2336 | D:4      | Found a shimmering altar of Xom.
  2336 | D:4      | Found an ancient bone altar of Kikubaaqudgha.
  2398 | D:4      | Found a snail-covered altar of Cheibriados.
  2421 | D:4      | Reached XP level 5. HP: 28/28 MP: 8/13
  2670 | D:4      | Noticed a phantom
  2716 | D:4      | Killed a phantom
  2716 | D:4      | Reached skill level 5 in Spellcasting
  2850 | D:5      | Entered Level 5 of the Dungeon
  2854 | D:5      | Reached skill level 1 in Ice Magic
  2975 | D:5      | Reached XP level 6. HP: 32/32 MP: 3/15
  3251 | D:5      | Reached skill level 7 in Summonings
  3359 | D:5      | Reached * piety under Sif Muna
  3973 | D:6      | Found Fust's Assorted Antiques.
  3977 | D:6      | Noticed a sky beast
  3989 | D:6      | Killed a sky beast
  3989 | D:6      | Reached skill level 1 in Air Magic
  3992 | D:6      | Bought a fuming yellow potion for 19 gold pieces
  3993 | D:6      | Gained mutation: Scrolls take you a little longer to read. [potion of mutation]
  3993 | D:6      | Gained mutation: You are partially covered in iridescent scales. (AC +2) [potion of mutation]
  4015 | D:6      | Noticed an orc warrior
  4082 | D:6      | Found Josh's Assorted Antiques.
  4089 | D:6      | Found Huicw's Antique Armour Shop.
  4378 | D:6      | Noticed a sky beast
  4397 | D:6      | Killed a sky beast
  4397 | D:6      | Reached XP level 7. HP: 36/36 MP: 6/17
  4527 | D:6      | Found Weutikluat's Food Shop.
  4599 | D:6      | Found Guumyec's Assorted Antiques.
  4604 | D:6      | Bought a potion of mutation for 144 gold pieces
  4604 | D:6      | Lost mutation: Scrolls take you a little longer to read. [potion of mutation]
  4604 | D:6      | Lost mutation: You are partially covered in iridescent scales. (AC +2) [potion of mutation]
  4604 | D:6      | Gained mutation: You are surrounded by a mild repulsion field. (EV +2) [potion of mutation]
  4604 | D:6      | Gained mutation: You are partially covered in icy blue scales. (AC +2) [potion of mutation]
  4604 | D:6      | Gained mutation: Your system is resistant to poisons. (rPois) [potion of mutation]
  4604 | D:6      | Gained mutation: You are partially covered in slimy green scales. (AC +2) [potion of mutation]
  4825 | D:6      | Found a sacrificial altar of Ru.
  4989 | D:6      | Reached ** piety under Sif Muna
  5219 | D:6      | Reached skill level 8 in Summonings
  5423 | D:7      | Noticed Joseph
  5447 | D:7      | Killed Joseph
  5544 | D:7      | Reached XP level 8. HP: 41/41 MP: 16/20
  5800 | D:7      | Identified a scroll of acquirement
  5968 | D:7      | Reached skill level 9 in Summonings
  6125 | D:7      | Reached *** piety under Sif Muna
  6138 | D:7      | Found a sparkling altar of Nemelex Xobeh.
  6337 | D:7      | Found a staircase to the Ecumenical Temple.
  6475 | Temple   | Entered the Ecumenical Temple
  6765 | D:8      | Found a sand-covered staircase.
  6775 | Ossuary  | Entered an ossuary
  6884 | Ossuary  | Reached skill level 5 in Ice Magic
  7332 | D:8      | Found a burning altar of Makhleb.
  7534 | D:8      | Noticed a two-headed ogre
  7549 | D:8      | Killed a two-headed ogre
  7549 | D:8      | Reached **** piety under Sif Muna
  7549 | D:8      | Reached skill level 10 in Summonings
  7549 | D:8      | Reached XP level 9. HP: 45/45 MP: 11/23
  7579 | D:8      | Found an opulent altar of Gozag.
  7944 | D:8      | Noticed a two-headed ogre
  7951 | D:8      | Killed a two-headed ogre
  8076 | D:9      | Noticed an unseen horror
  8391 | D:9      | Reached skill level 11 in Summonings
  8396 | D:9      | Noticed a two-headed ogre
  8401 | D:9      | Killed a two-headed ogre
  8402 | D:9      | Noticed a two-headed ogre
  8406 | D:9      | Killed a two-headed ogre
  8406 | D:9      | Reached skill level 10 in Spellcasting
  8544 | D:9      | Noticed Arum's ghost (novice MiGl)
  8551 | D:9      | Noticed an elephant
  8759 | D:9      | Noticed a death yak
  8769 | D:9      | Killed a death yak
  8769 | D:9      | Reached ***** piety under Sif Muna
  8769 | D:9      | Reached XP level 10. HP: 41/50 MP: 12/26
  8799 | D:9      | Killed an elephant
  8799 | D:9      | Identified Lehudib's Grimoire of the Mountains (Sif Muna gifted it to you on level 9 of the Dungeon)
  8799 | D:9      | Received a gift from Sif Muna
  8810 | D:9      | Killed Arum's ghost
  8810 | D:9      | Reached skill level 12 in Summonings
  8822 | D:9      | Learned a level 5 spell: Lee's Rapid Deconstruction
  8927 | D:9      | Found a staircase to the Lair.
  9178 | D:10     | Entered Level 10 of the Dungeon
  9855 | D:10     | Reached skill level 1 in Earth Magic
 10144 | D:10     | Found Xest's Book Shoppe.
 10713 | D:11     | Found a staircase to the Orcish Mines.
 10974 | D:11     | Noticed an unseen horror
 10979 | D:11     | Learned a level 2 spell: Blink
 11023 | D:11     | Noticed a red ugly thing
 11058 | D:11     | You fall through a shaft for 2 floors!
 11076 | D:13     | Noticed a skeletal warrior
 11083 | D:13     | Noticed a skeletal warrior
 11100 | D:13     | Killed a skeletal warrior
 11114 | D:13     | Killed a skeletal warrior
 11114 | D:13     | Reached skill level 13 in Summonings
 11286 | D:12     | Noticed a white ugly thing
 11297 | D:12     | Killed a white ugly thing
 11336 | D:12     | Reached XP level 11. HP: 54/54 MP: 8/28
 11598 | D:12     | Found Gaxtig's General Store.
 11600 | D:12     | Got a pair of warped gloves
 11606 | D:12     | Identified the +2 pair of gloves "Rahed" {rN+} (You found it on level 12 of the Dungeon)
 11612 | D:12     | Bought a potion of mutation for 120 gold pieces
 11612 | D:12     | Lost mutation: You are surrounded by a mild repulsion field. (EV +2) [potion of mutation]
 11612 | D:12     | Lost mutation: Your system is resistant to poisons. (rPois) [potion of mutation]
 11612 | D:12     | Lost mutation: You are partially covered in slimy green scales. (AC +2) [potion of mutation]
 11612 | D:12     | Gained mutation: You are occasionally teleported next to monsters. [potion of mutation]
 11612 | D:12     | Gained mutation: Armour fits poorly on your strangely shaped body. [potion of mutation]
 11612 | D:12     | Gained mutation: You are partially covered in slimy green scales. (AC +2) [potion of mutation]
 11834 | D:12     | Identified Sif Muna's Catalogue of the Escort (Sif Muna gifted it to you on level 12 of the Dungeon)
 11834 | D:12     | Received a gift from Sif Muna
 11844 | D:12     | Learned a level 7 spell: Monstrous Menagerie
 12185 | D:12     | Noticed a five-headed hydra
 12204 | D:12     | Killed a five-headed hydra
 12468 | D:13     | Noticed a centaur warrior
 12830 | D:13     | Killed a centaur warrior
 12909 | D:13     | Noticed an unseen horror
 12922 | D:13     | Killed an unseen horror
 12922 | D:13     | Reached skill level 1 in Conjurations
 12953 | D:13     | Found Buymanwu's Distillery.
 13216 | D:13     | Noticed Kirke
 13223 | D:13     | Noticed a lindwurm
 13226 | D:13     | Killed Kirke
 13728 | D:13     | Noticed a skeletal warrior
 13728 | D:13     | Noticed a skeletal warrior
 13737 | D:13     | Killed a skeletal warrior
 13742 | D:13     | Killed a skeletal warrior
 13950 | D:13     | Reached skill level 14 in Summonings
 14303 | D:14     | Found a gate to the Vaults.
 14303 | D:14     | Noticed a vault guard
 14303 | D:14     | Noticed a vault guard
 14303 | D:14     | Noticed a vault guard
 14303 | D:14     | Noticed a vault guard
 14303 | D:14     | Noticed a vault guard
 14303 | D:14     | Noticed a vault guard
 14306 | D:14     | Noticed a vault guard
 14307 | D:14     | Noticed a vault guard
 14321 | D:14     | Killed a vault guard
 14323 | D:14     | Noticed a centaur warrior
 14324 | D:14     | Killed a vault guard
 14328 | D:14     | Killed a vault guard
 14343 | D:14     | Shot with an arrow by a centaur

Vault maps used:
D:1:      denvon_arrival_planthouse, minmay_lizard_pond
D:2:      ashenzari_altar_1
D:3:      nicolae_overflow_crystal_walls, grunt_qazlal_sundering, serial_undead,
          serial_undead_f, serial_undead_d, serial_undead_a, serial_undead_c,
          lemuel_blue_sif_altar, uniq_natasha, uniq_jessica
D:4:      overflow_temple_1_default, grunt_temple_overflow_open, first_ration
D:6:      old_standard_altar, serial_shops, shop,
          nicolae_shop_temple_entry_statues_fountains,
          nicolae_shop_overgrown_old_shop, shop, shop_statue
D:7:      nemelex_xobeh_ov_fountains_minmay,
          minmay_temple_entry_enclosed_plants, minmay_gold_behind_fungi,
          eino_tiny_chamber, grunt_livestock, uniq_joseph
D:8:      grunt_gozag_breadcrumbs, nicolae_ossuary_entry_giza,
          makhleb_heckhound_becter
D:9:      david_lair_generic
D:10:     serial_shops, nicolae_shop_behind_doors
D:11:     erik_orc_4, serial_shops, nicolae_shop_crystal,
          grunt_decor_mini_mirrors, roderic_roman_lattice, uniq_nergalle
D:12:     serial_shops, shop
D:13:     serial_shops, nicolae_shop_stone, nrook_guardian_serpent_double,
          uniq_kirke
D:14:     erik_vaults_2
Temple:   nicolae_temple_figure_eight
Ossuary:  minmay_ossuary_two_tombs

Skill      XL: |  1  2  3  4  5  6  7  8  9 10 11 |
---------------+----------------------------------+-----
Summonings     | 5 6 7 8 10 11 13 14 | 14.2
Spellcasting   | 4 5 6 8 10 11 12 | 12.8
Ice Magic      | 1 2 3 5 7 8 |  8.1
Air Magic      | 1 2 3 |  3.0
Earth Magic    | 3 4 |  4.3
Conjurations   | 3 |  3.7
Dodging        | |  2.4
Stealth        | |  2.4

Action                   |  1- 3 |  4- 6 |  7- 9 | 10-12 || total
-------------------------+-------+-------+-------+-------++-------
Melee: Unarmed           |     1 |       |       |       ||     1
       Mace              |     4 |       |       |       ||     4
       Short sword       |       |     6 |    16 |    24 ||    46
 Cast: Summon Small Mamm |    21 |       |       |       ||    21
       Call Imp          |    42 |    24 |     4 |     1 ||    71
       Summon Lightning  |       |    17 |    49 |    69 ||   135
       Summon Ice Beast  |       |    16 |    60 |    57 ||   133
       Lee's Rapid Decon |       |       |       |     3 ||     3
       Monstrous Menager |       |       |       |    15 ||    15
Evoke: Wand              |       |       |       |     3 ||     3
  Use: Scroll            |     6 |    10 |    11 |     8 ||    35
       Potion            |     2 |     1 |     1 |     4 ||     8
 Stab: Sleeping          |       |     1 |       |       ||     1
       Distracted        |       |       |       |     2 ||     2
  Eat: Chunk             |     3 |    10 |    15 |    15 ||    43
       Ration            |       |     1 |     2 |     2 ||     5
Armor: Robe              |     7 |     1 |    14 |    22 ||    44
Dodge: Dodged            |    39 |    11 |    53 |    70 ||   173

Table legend:
 A = Spawn XP
 B = Non-spawn XP
 C = Spawn XP percentage of total XP
 D = Spawn monster count
 E = Non-spawn monster count
 F = Spawn count percentage of total count
 G = Total turns spent on level
                    A         B        C        D         E        F      G
               +---------+---------+-------+---------+---------+-------+---------
         Total |       0 |   18165 |   0.0 |       0 |     381 |   0.0 | 14343
               +---------+---------+-------+---------+---------+-------+---------
           D:1 |       0 |      36 |   0.0 |       0 |      34 |   0.0 |   713
           D:2 |       0 |      36 |   0.0 |       0 |      23 |   0.0 |   649
           D:3 |       0 |     107 |   0.0 |       0 |      32 |   0.0 |   941
           D:4 |       0 |     170 |   0.0 |       0 |      10 |   0.0 |   547
           D:5 |       0 |     193 |   0.0 |       0 |      17 |   0.0 |  1300
           D:6 |       0 |     527 |   0.0 |       0 |      32 |   0.0 |  1264
           D:7 |       0 |    1252 |   0.0 |       0 |      36 |   0.0 |  1110
           D:8 |       0 |    1447 |   0.0 |       0 |      21 |   0.0 |  1094
           D:9 |       0 |    2837 |   0.0 |       0 |      27 |   0.0 |   854
          D:10 |       0 |    1040 |   0.0 |       0 |      31 |   0.0 |  1326
          D:11 |       0 |    1764 |   0.0 |       0 |      41 |   0.0 |   554
          D:12 |       0 |    1790 |   0.0 |       0 |      17 |   0.0 |  1396
          D:13 |       0 |    5228 |   0.0 |       0 |      22 |   0.0 |  1836
          D:14 |       0 |    1459 |   0.0 |       0 |       3 |   0.0 |    53
       Ossuary |       0 |     279 |   0.0 |       0 |      35 |   0.0 |   519
               +---------+---------+-------+---------+---------+-------+---------
